 Dungeon Crawl Stone Soup version 0.28-b1-1-g3c77fb2ed1 (webtiles) character file.

Game seed: 6487752142503380963

3191 pkoi the Archer (level 9, 0/74 HPs)
             Began as a Minotaur Hunter on Jan 28, 2022.
             Was an Elder of Okawaru.
             Slain by a sky beast (4 damage)
             ... on level 7 of the Dungeon.
             The game lasted 00:08:20 (9935 turns).

pkoi the Archer (Minotaur Hunter)                   Turns: 9935, Time: 00:08:21

Health: 0/74       AC:  6    Str: 18    XL:     9   Next: 64%
Magic:  0/11       EV: 14    Int:  8    God:    Okawaru [****..]
Gold:   274        SH:  0    Dex: 14    Spells: 8/8 levels left

rFire   . . .      SeeInvis .   b - +1 whip (vamp)
rCold   . . .      Faith    .   (no shield)
rNeg    + . .      Spirit   +   c - +1 leather armour
rPois   .          Reflect  .   (helmet restricted)
rElec   .          Harm     .   A - +0 cloak
rCorr   +          Rampage  .   t - +0 pair of gloves
Will    .....                   (no boots)
Stlth   ++........              h - amulet of guardian spirit
HPRegen 0.22/turn               o - ring of positive energy
MPRegen 0.12/turn               v - ring of resist corrosion

@: no status effects
A: horns 2, retaliatory headbutt
a: Renounce Religion, Heroism, Finesse


You were on level 7 of the Dungeon.
You worshipped Okawaru.
Okawaru was greatly pleased with you.
You visited 2 branches of the dungeon, and saw 8 of its levels.

You collected 274 gold pieces.

Inventory:

Hand Weapons
 a - a +2 shortbow
 b - a +1 vampiric whip (weapon)
 g - a +0 short sword
 i - a +1 short sword of protection
 p - a +0 short sword of electrocution
 y - a +3 long sword
Missiles
 d - 34 arrows
 f - 12 poisoned darts (quivered)
Armour
 c - a +1 leather armour (worn)
 t - a +0 pair of gloves (worn)
 A - a +0 cloak (worn)
Jewellery
 h - an amulet of guardian spirit (around neck)
 o - a ring of positive energy (left hand)
 v - a ring of resist corrosion (right hand)
 z - a +6 ring of strength
Wands
 l - a wand of polymorph (2)
 w - a wand of paralysis (13)
Scrolls
 e - 7 scrolls of identify
 k - a scroll of summoning {unknown}
 n - a scroll of magic mapping
 s - a scroll of fog {unknown}
 u - 3 scrolls of teleportation
Potions
 j - 2 potions of heal wounds
 m - 3 potions of curing
 q - a potion of berserk rage
 r - 2 potions of haste {unknown}
 x - a potion of ambrosia {unknown}


   Skills:
 + Level 5.0 Fighting
 * Level 11.6 Bows
 + Level 4.1 Armour
 + Level 5.6 Dodging
 - Level 3.0 Stealth
 + Level 4.8 Invocations


You had 8 spell levels left.
You didn't know any spells.
Your spell library contained the following spells:

 Spells                   Type           Power      Damage    Failure   Level
 Magic Dart               Conj           0%         1d3       45%         1
 Blink                    Tloc           0%         N/A       61%         2
 Searing Ray              Conj           0%         2d4       61%         2
 Confusing Touch          Hex            0%         N/A       83%         3
 Conjure Flame            Conj/Fire      0%         6-21      83%         3
 Ignite Poison            Fire/Tmut/Pois 0%         N/A       83%         3
 Lesser Beckoning         Tloc           0%         N/A       83%         3
 Fulminant Prism          Conj/Hex       0%         3d6       99%         4
 Sticky Flame             Conj/Fire      0%         2d3       99%         4
 Manifold Assault         Tloc           0%         N/A       100%        5
 Yara's Violent Unravell  Hex/Tmut       0%         3d3       100%        5
 Enfeeble                 Hex            0%         N/A       100%        7
 Orb of Destruction       Conj           0%         9d5       100%        7
 Summon Guardian Golem    Hex/Summ       Unusable   N/A       N/A         3
 Spellforged Servitor     Conj/Summ      Unusable   N/A       N/A         7

Dungeon Overview and Level Annotations

Branches:
Dungeon (7/15)             Temple (1/1) D:4

Altars:
Ashenzari
Cheibriados
Dithmenos
Elyvilon
Gozag
Hepliaklqana
Kikubaaqudgha
Makhleb
Nemelex Xobeh
Okawaru
Qazlal
Ru
Trog
Uskayaw
Vehumet
Wu Jian
Xom
Yredelemnul
Zin
The Shining One
Beogh

Shops:
D:3 [

Annotations:
D:7 Duvessa


Innate Abilities, Weirdness & Mutations

You have a pair of horns on your head.
You reflexively headbutt those who attack you in melee.


Message History

You miss something. You headbutt something.
Something hits you but does no damage.
You closely miss something. Something barely misses you.
You miss something. Your headbutt misses something. Something hits you.
Something shocks you.
You miss something. Something hits you. Something shocks you.
You hit something.
You feel better. Something hits you but does no damage.
You closely miss something. Something hits you. Something shocks you.
You miss something. Something barely misses you.
You closely miss something. Your headbutt misses something.
Something hits you but does no damage.
You completely miss something.
Something hits you but does no damage. x2
You miss something. Your headbutt misses something.
Something hits you but does no damage.
You hit something. Your headbutt misses something. Something hits you.
Something shocks you.
You hit something but do no damage. Your headbutt misses something.
Something hits you but does no damage.
You closely miss something. Something hits you but does no damage.
You barely miss something. Something hits you but does no damage.
You miss something. You headbutt something.
Something hits you but does no damage.
You barely miss something. Something hits you. Something shocks you.
* * * LOW HITPOINT WARNING * * *
You closely miss something. Something hits you.
* * * LOW HITPOINT WARNING * * *
Something shocks you.
* * * LOW HITPOINT WARNING * * *
You closely miss something. Your headbutt misses something.
Something hits you but does no damage.
You miss something. Something hits you.
* * * LOW HITPOINT WARNING * * *
Something shocks you.
* * * LOW HITPOINT WARNING * * *
Something hits you but does no damage.
You hit something. Something hits you but does no damage.
You closely miss something. Something hits you.
* * * LOW HITPOINT WARNING * * *
Something shocks you.
You die...

...#.##.o# ..#J#.g#
..(#Z##..# # .#.#.# ..# .#
# #####. ##.# .########.#
....##.##.##.##........#
.##..##..#..##..#...#.....
####..###.###...#.#.# ...
# ##..........)@.#... #
###########.###{#.###.#
.)..............#.# ...
.########.#.#####รท# ###
.# #.#.# #.# .# #.#.# #.#
.# #.#.# #.# .# #>#.# #.#
.# #.#.# #.#


There were no monsters in sight!

Vanquished Creatures
  Pikel (D:6)
  A gargoyle (D:7)
  A troll (D:7)
  Eustachio (D:6)
  A vampire mosquito (D:7)
  A water moccasin (D:6)
  An ice beast (D:7)
  3 necrophages
  A black bear (D:5)
  2 ogres
  A centaur (D:5)
  4 lemures (D:6)
  2 scorpions
  A wyvern skeleton (D:5)
  3 wights (D:6)
  A howler monkey (D:3)
  2 bullfrog zombies (D:5)
  2 centaur zombies (D:6)
  4 hounds (D:5)
  Crazy Yiuf (D:6)
  A bullfrog skeleton (D:6)
  2 jellies (D:6)
  A centaur skeleton (D:5)
  2 gnoll shamans
  Natasha (thrice) (D:2)
  4 iguanas
  A hound zombie (D:5)
  2 hound skeletons (D:5)
  A howler monkey zombie (D:6)
  4 gnolls
  6 adders
  A white imp (D:6)
  2 worms
  5 dart slugs
  3 orcs
  5 bats
  7 endoplasms
  7 giant cockroaches (D:1)
  6 goblins
  6 hobgoblins
  4 quokkas
  3 ball pythons (D:1)
  4 frilled lizards
  9 kobolds
  5 rats
128 creatures vanquished.

Notes
Turn   | Place    | Note
-------+----------+-------------------------------------------
     0 | D:1      | pkoi the Minotaur Hunter began the quest for the Orb.
     0 | D:1      | Reached XP level 1. HP: 18/18 MP: 0/0
   239 | D:1      | Reached XP level 2. HP: 10/25 MP: 1/1
   443 | D:1      | Reached skill level 5 in Bows
   729 | D:1      | Reached XP level 3. HP: 24/30 MP: 2/2
   795 | D:1      | Found a faded altar of an unknown god.
  1333 | D:2      | Noticed Natasha
  1360 | D:2      | Killed Natasha
  1361 | D:2      | Reached skill level 1 in Stealth
  1461 | D:2      | Reached XP level 4. HP: 37/37 MP: 3/3
  1573 | D:2      | Noticed Natasha
  1582 | D:2      | Killed Natasha
  1583 | D:2      | Reached skill level 6 in Bows
  2430 | D:2      | Noticed Natasha
  2754 | D:2      | Killed Natasha
  2826 | D:3      | Reached XP level 5. HP: 23/42 MP: 1/4
  3544 | D:3      | Found Cicaul's Antique Armour Shoppe.
  4032 | D:4      | Found a staircase to the Ecumenical Temple.
  4032 | D:4      | Noticed a necrophage
  4057 | D:4      | Killed a necrophage
  4058 | D:4      | Reached skill level 7 in Bows
  4058 | D:4      | Reached XP level 6. HP: 50/50 MP: 1/5
  4270 | Temple   | Entered the Ecumenical Temple
  4427 | Temple   | Became a worshipper of Warmaster Okawaru
  4815 | D:5      | Entered Level 5 of the Dungeon
  5402 | D:5      | Reached XP level 7. HP: 31/56 MP: 3/6
  5673 | D:5      | Reached skill level 8 in Bows
  5700 | D:5      | Reached * piety under Okawaru
  6101 | D:5      | Reached skill level 9 in Bows
  6101 | D:5      | Reached skill level 1 in Invocations
  6332 | D:5      | Reached XP level 8. HP: 55/62 MP: 6/8
  6866 | D:6      | Reached skill level 10 in Bows
  6944 | D:6      | Reached ** piety under Okawaru
  7036 | D:6      | Reached skill level 1 in Armour
  7823 | D:6      | Noticed Eustachio
  7841 | D:6      | Killed Eustachio
  7919 | D:6      | Noticed Pikel
  7942 | D:6      | Killed Pikel
  7942 | D:6      | Reached *** piety under Okawaru
  7943 | D:6      | Reached skill level 11 in Bows
  7943 | D:6      | Reached XP level 9. HP: 31/71 MP: 2/11
  8563 | D:6      | Found a runed translucent door.
  8564 | D:6      | Noticed Crazy Yiuf
  8751 | D:6      | Killed Crazy Yiuf
  8752 | D:6      | Reached skill level 5 in Dodging
  9291 | D:7      | Noticed Duvessa
  9548 | D:7      | Noticed a troll
  9571 | D:7      | Killed a troll
  9793 | D:7      | Noticed a gargoyle
  9811 | D:7      | Killed a gargoyle
  9811 | D:7      | Reached **** piety under Okawaru
  9812 | D:7      | Reached skill level 5 in Fighting
  9935 | D:7      | Slain by a sky beast

Illustrated notes

Levels and vault maps discovered:
D:1:      sevenhm_arrival_forest_fort_large_2, layout_basic, serial_curves,
          eino_curves_03, eino_curves_02,
          hellmonk_ecumenical_altar_defaced_shrine
D:2:      layout_loops_corners, uniq_natasha
D:3:      layout_loops_ring, serial_shops, shop, minmay_crystal_room
D:4:      layout_basic, minmay_temple_entry_mini_moons
D:5:      layout_loops_corners, hangedman_minor_gate_pass
D:6:      layout_basic, uniq_crazy_yiuf_cottage, uniq_eustachio, uniq_pikel
D:7:      minmay_the_grid_octo_tiled_squarecenter
          [minmay_the_grid_octo_checkerflower, minmay_the_grid_octo_fan_narrow,
          minmay_the_grid_octo_concentric, minmay_the_grid_octo_teeth,
          minmay_the_grid_square_5x5_megaprize_crossed,
          minmay_the_grid_square_5x5_gyroscope, minmay_the_grid_square_5x5_mess,
          minmay_the_grid_square_5x5_n, minmay_the_grid_square_5x5_inner_z],
          layout_basic, uniq_harold, uniq_duvessa
Temple:   regret_index_temple_chain_breaker

Skill      XL: |  1  2  3  4  5  6  7  8  9 |
---------------+----------------------------+-----
Bows           | 5 6 7 9 11 | 11.6
Stealth        | 1 2 3 |  3.0
Dodging        | 3 4 5 |  5.6
Invocations    | 2 4 |  4.8
Armour         | 2 4 |  4.1
Fighting       | 4 5 |  5.0

Action                   |  1- 3 |  4- 6 |  7- 9 || total
-------------------------+-------+-------+-------++-------
Melee: Short sword       |    22 |     7 |    42 ||    71
       Headbutt          |    14 |    15 |    24 ||    53
       Whip              |    63 |   102 |    55 ||   220
       Punch             |       |     2 |     2 ||     4
 Fire: Shortbow          |       |    38 |   233 ||   271
Invok: Heroism           |       |       |     3 ||     3
  Use: Scroll            |     2 |     5 |       ||     7
       Potion            |       |     4 |       ||     4
 Stab: Sleeping          |     1 |       |     1 ||     2
Armor: Leather armour    |    33 |    29 |    41 ||   103
       Skin              |       |     3 |       ||     3
Dodge: Dodged            |    57 |    96 |   103 ||   256
